 Dungeon Crawl Stone Soup version 0.26-a0-668-gd58323b419 (webtiles) character file.

Game seed: 1071541875587082155

168 ringo67 the Poker (level 5, -4/41 HPs)
             Began as a Merfolk Gladiator on Oct 19, 2020.
             Slain by an orc priest
             ... wielding a +0 club
              (5 damage)
             ... on level 3 of the Dungeon.
             The game lasted 00:05:30 (2868 turns).

ringo67 the Poker (Merfolk Gladiator)               Turns: 2868, Time: 00:05:32

Health: -4/41      AC: 13    Str: 16    XL:     5   Next: 49%
Magic:  5/5        EV:  8    Int:  7    God:
Gold:   143        SH:  0    Dex: 15    Spells: 4/4 levels left

rFire    . . .     SeeInvis .   a - +0 trident
rCold    . . .     Faith    .   (no shield)
rNeg     . . .     Spirit   .   o - +0 plate armour
rPois    .         Reflect  .   f - +0 helmet
rElec    .         Harm     .   v - +0 cloak
rCorr    .         Rampage  .   (no gloves)
MR       .....                  (no boots)
Stlth    ..........             (no amulet)
HPRegen  0.13/turn              n - ring of wizardry
MPRegen  0.09/turn              (no ring)

@: stab, flying, slowed, very slow
A: change form in water, swift swim, stealthy swim, repulsion field 1, shaggy
fur 1, wild magic 1
a: no special abilities


You were on level 3 of the Dungeon.
You visited 1 branch of the dungeon, and saw 3 of its levels.

You collected 143 gold pieces.

Inventory:

Hand Weapons
 a - a +0 trident (weapon)
 s - a +0 glaive
Missiles
 c - 15 poisoned darts
 d - 2 throwing nets (quivered)
 q - 4 javelins
Armour
 f - a +0 helmet (worn)
 o - a +0 plate armour (worn)
 v - a +0 cloak (worn)
Jewellery
 n - a ring of wizardry (left hand)
Wands
 x - a wand of digging (4)
Scrolls
 e - a scroll of magic mapping {unknown}
 h - 4 scrolls of identify {unknown}
 i - a scroll of random uselessness {unknown}
 m - 2 scrolls of enchant armour {unknown}
 p - a scroll of teleportation {unknown}
 t - a scroll of fear {unknown}
 w - a scroll of immolation {unknown}
Potions
 g - a potion of stabbing
 j - a potion of degeneration {unknown}
 k - a potion of cancellation {unknown}
 l - a potion of invisibility {unknown}
 r - a potion of flight
 u - a potion of curing {unknown}
 z - a potion of haste {unknown}


   Skills:
 + Level 3.3 Fighting
 * Level 6.4 Polearms
 - Level 2.0 Throwing
 + Level 1.4 Armour
 + Level 4.9 Dodging


You had 4 spell levels left.
You didn't know any spells.
Your spell library was empty.

Dungeon Overview and Level Annotations

Branches:
Dungeon (3/15)

Altars:
Vehumet


Innate Abilities, Weirdness & Mutations

You revert to your normal form in water.
You are very nimble and swift while swimming.
You are very stealthy in the water. (Stealth+)
You are surrounded by a mild repulsion field. (EV +2)
You are covered in fur. (AC +1)
Your spells are a little harder to cast, but a little more powerful.


Message History

The orc priest hits you but does no damage.
You hit the orc priest.
The orc priest is moderately wounded.
The orc wizard hits you but does no damage.
The orc hits you but does no damage.
The orc wizard hits you with a +0 dagger.
* * * LOW HITPOINT WARNING * * *
The orc priest hits you but does no damage.
A dart slug comes into view.
The orc wizard hits you but does no damage.
The orc hits you with a +0 flail.
* * * LOW HITPOINT WARNING * * *
It was a potion of mutation.
You feel extremely strange. Fur sprouts all over your body.
You feel less in control of your magic.
You begin to radiate repulsive energy.
The orc wizard points at you and mumbles some strange words.
The magic dart hits you.
* * * LOW HITPOINT WARNING * * *
The orc priest hits you with a +0 club.
You die...

.##.##.....#...#
#############
..##.#.....#.###
..#.##.....'..>#
..#.#......###'####
#†.........##.....#
#†.........##.....#
#..).......##.....##
#..........##..†...#
#....##'#####..o@..#
#....##..# #..oo..#
.....# #.# #......#
.....# .# #......#
..#### #......# ..
......)†...#
...........#
.......w...#
..#........#


You could see an orc priest, an orc wizard (fast), a dart slug and an orc.

Vanquished Creatures
  Crazy Yiuf (D:2)
  Jessica (D:2)
  3 adders (D:2)
  2 oozes
  An adder skeleton (D:2)
  A worm (D:2)
  2 dart slugs
  3 leopard geckos
  5 orcs (D:3)
  2 giant cockroaches
  6 goblins
  7 hobgoblins
  7 jackals
  7 bats
  A frilled lizard (D:2)
  6 kobolds
  6 rats
61 creatures vanquished.

Notes
Turn   | Place    | Note
-------+----------+-------------------------------------------
     0 | D:1      | ringo67 the Merfolk Gladiator began the quest for the Orb.
     0 | D:1      | Reached XP level 1. HP: 16/16 MP: 1/1
    70 | D:1      | Reached XP level 2. HP: 22/23 MP: 2/2
   409 | D:1      | Reached skill level 5 in Polearms
   690 | D:1      | Reached XP level 3. HP: 27/28 MP: 3/3
  1454 | D:2      | Found a runed translucent door.
  1455 | D:2      | Noticed Crazy Yiuf
  1508 | D:2      | Reached skill level 1 in Armour
  1508 | D:2      | Reached XP level 4. HP: 32/34 MP: 4/4
  1662 | D:2      | Noticed Jessica
  1679 | D:2      | Killed Jessica
  1717 | D:2      | Reached skill level 6 in Polearms
  2061 | D:2      | Found a radiant altar of Vehumet.
  2182 | D:2      | Killed Crazy Yiuf
  2182 | D:2      | Reached XP level 5. HP: 28/41 MP: 5/5
  2715 | D:3      | Found a faded altar of an unknown god.
  2868 | D:3      | Gained mutation: You are covered in fur. (AC +1) [potion of
                  | mutation]
  2868 | D:3      | Gained mutation: Your spells are a little harder to cast,
                  | but a little more powerful. [potion of mutation]
  2868 | D:3      | Gained mutation: You are surrounded by a mild repulsion
                  | field. (EV +2) [potion of mutation]
  2868 | D:3      | HP: 1/41 [orc wizard/magic dart (2)]
  2868 | D:3      | Slain by an orc priest

Illustrated notes

Levels and vault maps discovered:
D:1:      mrwooster_arrival_arrow, layout_basic, minmay_misc_feat_columns,
          minmay_shallow_snake_nest
D:2:      layout_loops_cross, nicolae_overflow_crystal_walls, uniq_jessica,
          uniq_crazy_yiuf_cottage
D:3:      layout_basic, chequers_ecumenical_altar_twisty, uniq_robin

Skill      XL: |  1  2  3  4 |
---------------+-------------+-----
Polearms       | 5 6 |  6.4
Armour         | 1 |  1.4
Fighting       | 3 |  3.3
Throwing       | |  2.0
Dodging        | |  4.9

Action                   |  1- 3 |  4- 6 || total
-------------------------+-------+-------++-------
Melee: Trident           |   103 |   112 ||   215
       Glaive            |       |     7 ||     7
Throw: Throwing net      |       |     1 ||     1
  Use: Potion            |       |     3 ||     3
Armor: Leather armour    |    18 |       ||    18
       Plate armour      |    31 |    84 ||   115
Dodge: Dodged            |    49 |    34 ||    83

Table legend: (Time is in decaauts)
 A = Elapsed time spent in this place.
 B = Non-inter-level travel time spent in this place.
 C = Inter-level travel time spent in this place.
 D = Time resting spent in this place.
 E = Time spent auto-exploring this place.
 F = Levels seen in this place.
 G = Mean time per level.
                   A        B        C        D        E       F      G
               +--------+--------+--------+--------+--------+-----+--------+
         Total |   2879 |   2800 |     79 |    856 |   1443 |   3 |  959.7 |
       Dungeon |   2879 |   2800 |     79 |    856 |   1443 |   3 |  959.7 |
               +--------+--------+--------+--------+--------+-----+--------+

Top non-repeatable levels by time:
     D:2: 1333 daAuts
     D:1: 1261 daAuts
     D:3: 284 daAuts
